 Dungeon Crawl Stone Soup version 0.29.0-11-gd7f09526c8 (webtiles) character file.

Game seed: 16813143087147810451

3228 mdonais the Trooper (level 9, -4/64 HPs)
             Began as an Octopode Wanderer on Sept 3, 2022.
             Was an Elder of Okawaru.
             Killed by the air
             ... invoked by Gastronok
              (27 damage)
             ... on level 8 of the Dungeon.
             The game lasted 00:25:35 (8312 turns).

mdonais the Trooper (Octopode Wanderer)             Turns: 8312, Time: 00:25:35

Health: -4/64      AC:  7    Str: 12    XL:     9   Next: 98%
Magic:  16/17      EV: 15    Int: 27    God:    Okawaru [****..]
Gold:   224        SH: 11    Dex: 11    Spells: 6/17 levels left

rFire   . . .      SeeInvis .   u - +4 rapier (venom)
rCold   . . .      Faith    .   h - +0 buckler
rNeg    . . .      Spirit   .   j - +2 hat
rPois   +          Reflect  +   o - amulet of reflection
rElec   .          Harm     .   c - ring "Jebohoh" {AC+4 Int+10 Dex-3 Stlth+}
rCorr   +          Rampage  .   w - ring of Amimarph {rCorr Str+4 Int-2 Stlth+}
Will    .....                   (no ring)
Stlth   +++++++...              (no ring)
HPRegen 0.20/turn               (no ring)
MPRegen 0.15/turn               (no ring)
                                (no ring)
                                (no ring)

@: mighty, heroic, hasted and slowed
A: almost no armour, amphibious, 8 rings, camouflage 1, gelatinous body 1,
(nimble swimmer 1), tentacles, high MP 1, poison resistance
a: Renounce Religion, Heroism, Finesse


You were on level 8 of the Dungeon.
You worshipped Okawaru.
Okawaru was greatly pleased with you.
You visited 1 branch of the dungeon, and saw 8 of its levels.
You also visited: Sewer and Ossuary.

You collected 488 gold pieces.
You spent 264 gold pieces at shops.

Inventory:

Hand Weapons
 u - a +4 rapier of venom (weapon)
   (You found it on level 5 of the Dungeon)
Missiles
 i - 13 poisoned darts (quivered)
 t - a boomerang
 F - 2 curare-tipped darts
 Z - a throwing net {=!f}
Armour
 h - a +0 buckler (worn)
   (You found it on level 3 of the Dungeon)
 j - a +2 hat (worn)
   (You found it on level 2 of the Dungeon)
Jewellery
 c - the ring "Jebohoh" (left tentacle) {AC+4 Int+10 Dex-3 Stlth+}
   (You acquired it on level 3 of the Dungeon)

   [ring of protection]

   AC:        It affects your AC (+4).
   Int:       It affects your intelligence (+10).
   Dex:       It affects your dexterity (-3).
   Stlth:     It makes you more stealthy.
 o - an amulet of reflection (around mantle)
   (You found it on level 5 of the Dungeon)
 w - the ring of Amimarph (right tentacle) {rCorr Str+4 Int-2 Stlth+}
   (You found it on level 6 of the Dungeon)

   [ring of resist corrosion]

   Str:       It affects your strength (+4).
   Int:       It affects your intelligence (-2).
   rCorr:     It protects you from acid and corrosion.
   Stlth:     It makes you more stealthy.
Wands
 r - a wand of mindburst (5)
   (You found it on level 4 of the Dungeon)
 V - a wand of flame (5)
   (You found it on level 4 of the Dungeon)
Scrolls
 d - 3 scrolls of immolation
 k - a scroll of silence
 l - a scroll of summoning
 m - a scroll of enchant armour
 n - a scroll of fog
 s - 2 scrolls of vulnerability {unknown}
 x - a scroll of teleportation {unknown}
 y - a scroll of fear
 B - 3 scrolls of blinking
 C - a scroll of poison {unknown}
 M - 3 scrolls of magic mapping
Potions
 a - 2 potions of attraction {unknown}
 b - a potion of lignification
 e - a potion of ambrosia {unknown}
 f - 2 potions of mutation
 g - a potion of magic {unknown}
 p - 2 potions of might
 q - 2 potions of heal wounds {unknown}
 v - a potion of brilliance {unknown}
 z - a potion of degeneration {unknown}
 A - a potion of flight {unknown}
 D - 2 potions of invisibility
 E - a potion of cancellation
 H - 4 potions of haste
 Q - 6 potions of curing


   Skills:
 - Level 7.0(12.0) Fighting
 - Level 1.0(6.0) Throwing
 - Level 3.0(8.0) Dodging
 - Level 5.0(10.0) Stealth
 - Level 4.0(9.0) Shields
 - Level 6.3(11.3) Unarmed Combat
 + Level 4.9 Spellcasting
 - Level 1.0 Translocations
 + Level 5.8 Transmutations
 - Level 3.0 Poison Magic
 - Level 3.0 Invocations


You had 6 spell levels left.
You knew the following spells:

 Your Spells              Type           Power      Damage    Failure   Level
a - Sting                 Tmut/Pois      100%       1d8       1%          1
b - Beastly Appendage     Tmut           74%        N/A       1%          1
c - Spider Form           Tmut/Pois      30%        N/A       4%          3
d - Statue Form           Tmut/Erth      14%        N/A       99%         6

Your spell library contained the following spells:

 Spells                   Type           Power      Damage    Failure   Level
 Passwall                 Tmut/Erth      18%        N/A       4%          2
 Apportation              Tloc           24%        N/A       6%          1
 Sandblast                Erth           12%        2d6       9%          1
 Teleport Other           Tloc           12%        N/A       19%         3
 Frozen Ramparts          Ice            12%        1d2       26%         3
 Stone Arrow              Conj/Erth      12%        3d7       26%         3
 Ice Form                 Ice/Tmut       22%        N/A       26%         4
 Petrify                  Tmut/Erth      22%        N/A       26%         4
 Metabolic Englaciation   Hex/Ice        3%         N/A       94%         5
 Summon Ice Beast         Ice/Summ       Unusable   N/A       N/A         4

Dungeon Overview and Level Annotations

Branches:
Dungeon (8/15) Zot: 26915  Temple (0/1) D:7           Sewer (visited)
Ossuary (visited)
   Lair: D:8-11

Altars:
Ashenzari
Nemelex Xobeh
Okawaru
Qazlal

Shops:
D:7 *

Annotations:
D:3 Ijyb
D:8 Gastronok


Innate Abilities, Weirdness & Mutations

You cannot wear most types of armour.
You are amphibious.
You can wear up to eight rings at the same time.
Your skin changes colour to match your surroundings (Stealth+).
Your rubbery body absorbs attacks. (AC +1, EV +1)
((You are camouflaged when in or above water. (Stealth+)))
You have tentacles for arms and can constrict up to eight enemies at once.
You have an increased reservoir of magic. (+10% MP)
Your system is resistant to poisons. (rPois)


Message History

The killer bee buzzes angrily.
You puncture the killer bee!
You kill the killer bee!
Okawaru accepts your kill.
You feel sick.
You hear a shout!
The killer bee closely misses you. The killer bee stings you.
You hear a shout!
You hear a horrible gurgling sound!
You take 5 damage, and have 47/64 hp.
You feel sick. The killer bee closely misses you.
You miss the killer bee. Your grab misses the killer bee.
Your squeeze misses the killer bee.
You feel sick. You block the killer bee's attack. x2
You take 1 damage, and have 46/64 hp.
You puncture the killer bee!
The killer bee is poisoned.
Your grab misses the killer bee.
The killer bee is severely wounded.
You feel sick. You block the killer bee's attack. x2
You take 1 damage, and have 45/64 hp.
You hit Pikel but do no damage.
Pikel is poisoned.
You grab Pikel.
Your tentacle-slap misses Pikel.
You constrict Pikel.
You feel sick.
You are no longer poisoned.
You kill the killer bee!
Okawaru accepts your kill. You block Pikel's attack.
You take 1 damage, and have 44/64 hp.
You hit Pikel.
Pikel looks as sick as possible!
You squeeze Pikel.
Pikel is moderately wounded.
You constrict Pikel. Pikel completely misses you.
You hit Pikel.
Pikel looks as sick as possible!
Pikel is heavily wounded.
You constrict Pikel. Pikel closely misses you.
You hit Pikel but do no damage. You squeeze Pikel!
Pikel is almost dead.
You constrict Pikel.
You kill Pikel!
Okawaru is honoured by your kill.
You can now speed up your combat.
Your Spellcasting skill increases to level 4!
Your Transmutations skill increases to level 5!
You start resting.
You feel like a meek peon again.
You start resting.
Magic restored.
MP restored: 16 You start resting.
A killer bee is nearby!
A killer bee is nearby!
You miss the killer bee.
The killer bee buzzes angrily.
Your grab misses the killer bee. The killer bee stings you.
You block the killer bee's attack.
You hit the killer bee but do no damage.
The killer bee is poisoned.
Your grab misses the killer bee.
You block the killer bee's attack. x2; The killer bee closely misses you.
You barely miss the killer bee. Your grab misses the killer bee.
The killer bee is lightly wounded.
The killer bee closely misses you. The killer bee misses you.
You barely miss the killer bee. Your grab misses the killer bee.
You squeeze the killer bee!
The killer bee is almost dead.
You kill the killer bee!
Okawaru accepts your kill.
You start resting.
Gastronok is nearby!
You regained 2 hp, and now have 50/64 hp.
You gain the combat prowess of a mighty hero.
Gastronok gurgles horribly!
You now have 14/16 mp.
Okay, then.
Gastronok bites you!!
Things that are here:
a killer bee corpse; a killer bee corpse You take 23 damage, and have 27/64 hp.
MASSIVE DAMAGE!!
You puncture Gastronok!
Gastronok looks as sick as possible!
You squeeze Gastronok.
Gastronok is lightly wounded.
Okay, then.
Unknown command.
Press: ? - help, v - describe, . - travel
Here: Gastronok, wearing a +1 hat of stealth (lightly wounded, extremely poisoned)
The floor.
Okay, then.
You hit Gastronok.
Gastronok looks as sick as possible!
Gastronok is lightly wounded.
Gastronok completely misses you.
You hit Gastronok.
Gastronok looks as sick as possible!
You tentacle-slap Gastronok.
Gastronok is lightly wounded.
You hit Gastronok.
Gastronok looks as sick as possible!
Gastronok is moderately wounded.
You block Gastronok's attack.
You hit Gastronok.
Gastronok looks as sick as possible!
Gastronok is moderately wounded.
You hit Gastronok.
Gastronok looks as sick as possible!
You squeeze Gastronok, but do no damage.
Gastronok is moderately wounded.
Gastronok waves his eye-stalks in wide circles.
The air twists around and strikes you!!
* * * LOW HITPOINT WARNING * * *
You take 24 damage, and have 4/64 hp.
MASSIVE DAMAGE!!
You feel better.
You regained 9 hp, and now have 13/64 hp.
You feel yourself speed up.
Gastronok chants a spell, wobbling all the while.
Gastronok puts on a burst of speed!
Press: ? - help, v - describe, . - travel
Here: Gastronok, wearing a +1 hat of stealth (moderately wounded, covering ground quickly, extremely poisoned)
The floor.
Unknown command.
You feel better.
You regained 7 hp, and now have 21/64 hp.
You hit Gastronok but do no damage.
Gastronok looks as sick as possible!
You squeeze Gastronok.
Gastronok is moderately wounded.
Aiming: Mindburst
Press: ? - help, Shift-Dir - straight line, f - Gastronok
Aim: Gastronok, wearing a +1 hat of stealth (moderately wounded, covering ground quickly, extremely poisoned, chance to affect: 16%)
Okay, then.
Unknown command.
Unknown command.
Unknown command.
It was a potion of mutation.
You feel extremely strange.
You feel more energetic.
You feel resistant to poisons. Gastronok misses you.
It was a potion of might.
You feel very mighty all of a sudden.
You barely miss Gastronok. You squeeze Gastronok.
Gastronok is heavily wounded.
You puncture Gastronok!
Gastronok is heavily wounded.
Gastronok is buffeted by a sudden breeze.
Gastronok looks at you and mumbles some strange words.
You feel yourself slow down.
You puncture Gastronok!
Gastronok looks as sick as possible!
Gastronok is heavily wounded.
You puncture Gastronok! You tentacle-slap Gastronok!
Gastronok is severely wounded.
You block Gastronok's attack.
You hit Gastronok but do no damage.
Gastronok looks as sick as possible!
Gastronok is severely wounded.
You puncture Gastronok! You squeeze Gastronok!
Gastronok is almost dead.
Gastronok bites you but does no damage.
You barely miss Gastronok.
Gastronok is almost dead.
You puncture Gastronok!
Gastronok looks as sick as possible!
Gastronok is almost dead.
Gastronok waves his eye-stalks in wide circles.
The air twists around and strikes you!!
You die...

#.# #.# #.# #.#
#########
#.######.......#
#.#.........)..# #
#.#.####...†@..#
#.#<#.#....##w####
#........#.##.#
#.......####.##.#
#####..).(.......yy..K5
#>.................
.......#...........#
#.......##.#......w..
#.......)...........#


You could see Gastronok (swift, extremely poisoned).

Vanquished Creatures
  Pikel (D:8)
  Grinder (D:5)
  A water moccasin (D:7)
  A black bear (D:5)
  An ogre (D:6)
  A centaur (D:6)
  3 phantoms
  5 kobold brigands
  A bullfrog (D:7)
  An elf zombie (Ossuary)
  2 scorpions
  A necrophage (D:8)
  6 wights
  3 killer bees (D:8)
  3 howler monkeys (D:7)
  A centaur zombie (Ossuary)
  2 jellies
  A human zombie (Ossuary)
  4 orc priests
  3 hounds
  5 iguanas
  3 mummies
  10 adders
  3 gnolls (D:7)
  4 river rats
  A white imp (D:7)
  An ufetubus (D:6)
  2 worms (Sewer)
  4 dart slugs
  11 orcs
  7 endoplasms
  3 giant cockroaches (D:3)
  4 goblins
  7 hobgoblins
  15 kobolds
  3 quokkas
  7 ball pythons
  2 bats (D:2)
  5 frilled lizards
  A goblin zombie (Ossuary)
  12 hobgoblin zombies (Ossuary)
  A jackal zombie (Ossuary)
  11 kobold zombies (Ossuary)
  7 orc zombies (Ossuary)
  7 rats
  2 rat zombies (Ossuary)
180 creatures vanquished.

Notes
Turn   | Place    | Note
-------+----------+-------------------------------------------
     0 | D:1      | mdonais the Octopode Wanderer began the quest for the Orb.
     0 | D:1      | mdonais set off with the following items: a +0 dagger, 2
                  | potions of lignification; and the following spells
                  | available to memorise: Beastly Appendage, Sting,
                  | Apportation, Spider Form, Teleport Other.
     0 | D:1      | Reached XP level 1. HP: 17/17 MP: 2/2
     2 | D:1      | Learned a level 1 spell: Beastly Appendage
    94 | D:1      | Learned a level 1 spell: Sting
   152 | D:1      | Reached skill level 1 in Stealth
   345 | D:1      | Reached XP level 2. HP: 21/22 MP: 0/3
   469 | D:1      | Found a faded altar of an unknown god.
  1029 | D:2      | Reached skill level 1 in Poison Magic
  1029 | D:2      | Reached XP level 3. HP: 24/27 MP: 0/4
  1224 | D:2      | Found an iron altar of Okawaru.
  1240 | D:2      | Became a worshipper of Warmaster Okawaru
  2024 | D:3      | Identified a scroll of acquirement
  2024 | D:3      | Acquired the ring "Jebohoh" {AC+4 Int+10 Dex-3 Stlth+}
  2275 | D:3      | Found a stormy altar of Qazlal.
  2278 | D:3      | Noticed Ijyb
  2414 | D:3      | Found a glowing drain.
  2424 | D:3      | Reached XP level 4. HP: 24/33 MP: 0/5
  2429 | D:3      | Reached skill level 1 in Shields
  2456 | Sewer    | Entered a sewer
  2526 | Sewer    | Noticed a kobold brigand
  2533 | Sewer    | Noticed a kobold brigand
  2748 | Sewer    | Killed a kobold brigand
  2749 | Sewer    | Reached XP level 5. HP: 28/37 MP: 2/6
  3008 | Sewer    | Noticed a kobold brigand
  3041 | Sewer    | Reached * piety under Okawaru
  3052 | Sewer    | Noticed a kobold brigand
  3100 | Sewer    | Killed a kobold brigand
  3101 | Sewer    | Reached XP level 6. HP: 32/43 MP: 1/9
  3112 | Sewer    | Learned a level 3 spell: Spider Form
  3197 | Sewer    | Reached skill level 1 in Invocations
  3197 | Sewer    | Reached skill level 1 in Unarmed Combat
  3675 | D:3      | Reached XP level 7. HP: 48/48 MP: 3/10
  4544 | D:4      | Found a broken altar of Ashenzari.
  4548 | D:4      | Saw a vision of the Swamp and the Snake Pit.
  4548 | D:4      | Noticed a black mamba
  4548 | D:4      | Noticed a salamander
  4548 | D:4      | Noticed a ghost crab
  4548 | D:4      | Noticed a naga
  4548 | D:4      | Noticed a naga
  4549 | D:4      | Noticed a naga sharpshooter
  4549 | D:4      | Noticed a ghost crab
  4549 | D:4      | Noticed a black mamba
  4549 | D:4      | Noticed a naga warrior
  4550 | D:4      | Noticed a naga mage
  4551 | D:4      | Noticed a bog body
  4553 | D:4      | Noticed an alligator
  4852 | D:4      | Reached skill level 5 in Unarmed Combat
  5232 | D:5      | Entered Level 5 of the Dungeon
  5240 | D:5      | Reached ** piety under Okawaru
  5395 | D:5      | Noticed Grinder
  5455 | D:5      | Killed Grinder
  5456 | D:5      | Reached skill level 5 in Fighting
  5456 | D:5      | Reached XP level 8. HP: 39/55 MP: 11/11
  5498 | D:5      | Found a sand-covered staircase.
  5507 | Ossuary  | Entered an ossuary
  5793 | Ossuary  | Reached skill level 1 in Dodging
  6708 | D:6      | Reached *** piety under Okawaru
  6709 | D:6      | Reached skill level 6 in Fighting
  6863 | D:6      | Reached XP level 9. HP: 61/63 MP: 12/12
  6941 | D:6      | Reached skill level 5 in Stealth
  6968 | D:6      | Identified the ring of Amimarph {rCorr Str+4 Int-2 Stlth+}
  7414 | D:6      | Reached skill level 7 in Fighting
  7542 | D:6      | Learned a level 6 spell: Statue Form
  7585 | D:7      | Found a staircase to the Ecumenical Temple.
  7833 | D:7      | Found a sparkling altar of Nemelex Xobeh.
  7906 | D:7      | Found Kown's General Store.
  7927 | D:7      | Bought 2 potions of invisibility for 176 gold pieces
  7927 | D:7      | Bought a potion of cancellation for 88 gold pieces
  8245 | D:8      | Noticed Gastronok
  8245 | D:8      | Noticed Pikel
  8261 | D:8      | Killed Pikel
  8261 | D:8      | Reached **** piety under Okawaru
  8262 | D:8      | Reached skill level 5 in Transmutations
  8303 | D:8      | Gained mutation: You have an increased reservoir of magic.
                  | (+10% MP) [potion of mutation]
  8303 | D:8      | Gained mutation: Your system is resistant to poisons.
                  | (rPois) [potion of mutation]
  8312 | D:8      | Killed from afar by Gastronok

Illustrated notes

Levels and vault maps discovered:
D:1:      minmay_arrival_widening_spiral_wide, layout_loops_ring,
          basic_ecumenical_altar
D:2:      layout_loops_ring, basic_altar
D:3:      layout_loops_ring, mainiacjoe_overflow_surrounded_room,
          portal_sewer_entry_a, uniq_ijyb
D:4:      layout_basic, grunt_ashenzari_visionary
          [grunt_ashenzari_visionary_swamp, grunt_ashenzari_visionary_snake],
          corexii_hall_statues_x, guppyfry_early_lair_pool
D:5:      layout_layer_cave, gup_ossuary_entry_pyramid, uniq_grinder
D:6:      layout_basic
D:7:      layout_rooms, old_standard_altar, minmay_temple_entry_mini_moons,
          serial_shops, nicolae_shop_statue_plus, minmay_misc_feat_nine_boxes
D:8:      layout_basic, serial_shops, shop, minmay_misc_feat_columns,
          uniq_gastronok, uniq_pikel

Skill      XL: |  1  2  3  4  5  6  7  8  9 |
---------------+----------------------------+-----
Stealth        | 2 3 4 5 |  5.0
Poison Magic   | 1 2 3 |  3.0
Shields        | 3 4 |  4.0
Spellcasting   | 2 4 |  4.9
Invocations    | 1 2 3 |  3.0
Unarmed Combat | 3 6 |  6.3
Fighting       | 5 6 7 |  7.0
Dodging        | 3 |  3.0
Transmutations | 5 |  5.8
Throwing       | |  1.0
Translocations | |  1.0

Action                   |  1- 3 |  4- 6 |  7- 9 || total
-------------------------+-------+-------+-------++-------
Melee: Dagger            |    49 |    67 |    66 ||   182
       Constrict         |    10 |    15 |    71 ||    96
       Tentacles         |     4 |    18 |    98 ||   120
       Kick              |     4 |     1 |     3 ||     8
       Punch             |     1 |       |    15 ||    16
       Unarmed           |       |       |    14 ||    14
       Rapier            |       |       |   250 ||   250
Throw: Dart              |       |     2 |       ||     2
 Cast: Sting             |    43 |    52 |    13 ||   108
       Beastly Appendage |     7 |     1 |     1 ||     9
       Spider Form       |       |       |     1 ||     1
Invok: Heroism           |       |     1 |     5 ||     6
Evoke: Wand              |       |       |     7 ||     7
  Use: Scroll            |     6 |     2 |     8 ||    16
       Potion            |       |       |     7 ||     7
 Stab: Sleeping          |     1 |       |    19 ||    20
Armor: Skin              |     1 |    13 |    75 ||    89
Dodge: Dodged            |    29 |    32 |   152 ||   213
Block: Buckler           |       |       |   118 ||   118
